 Dungeon Crawl Stone Soup version 0.22-a0-567-gff9aefc (webtiles) character file.

58 inc the Conjurer (level 4, -2/27 HPs)
             Began as an Octopode Fire Elementalist on June 29, 2018.
             Slain by a goblin
             ... wielding a +0 club
             ... led by Robin
              (3 damage)
             ... on level 4 of the Dungeon.
             The game lasted 00:02:00 (2070 turns).

inc the Conjurer (Octopode Fire Elementalist)       Turns: 2070, Time: 00:02:00

Health: -2/27      AC:  1    Str:  7    XL:     4   Next: 1%
Magic:  1/7        EV: 13    Int: 18    God:
Gold:   86         SH:  0    Dex: 12    Spells: 6/7 levels left

rFire    . . .     SeeInvis .   f - +0 short sword
rCold    . . .     Gourm    .   (no shield)
rNeg     . . .     Faith    .   (helmet restricted)
rPois    .         Spirit   .   (no amulet)
rElec    .         Reflect  .   (no ring)
rCorr    .         Harm     .   (no ring)
MR       .....                  (no ring)
Stlth    +++.......             (no ring)
HPRegen  0.09/turn              (no ring)
MPRegen  0.10/turn              (no ring)
                                (no ring)
                                (no ring)

@: no status effects
A: almost no armour, stealthy swim, amphibious, 8 rings, constrict 8, camouflage
1, gelatinous body 1
a: no special abilities


You were on level 4 of the Dungeon.
You were not hungry.

You visited 1 branch of the dungeon, and saw 4 of its levels.

You collected 86 gold pieces.

Inventory:

Hand Weapons
 f - a +0 short sword (weapon)
Jewellery
 h - a +4 ring of strength {unknown}
 k - an uncursed amulet of magic regeneration {unknown}
Scrolls
 a - a scroll of remove curse {unknown}
 c - a scroll of noise {unknown}
 g - a scroll of enchant weapon {unknown}
 i - 4 scrolls of identify {unknown}
 j - a scroll of blinking {unknown}
 l - a scroll of fog {unknown}
 m - 2 scrolls of teleportation {unknown}
Potions
 d - a potion of agility {unknown}
 e - 2 potions of magic {unknown}
 n - 3 potions of curing {unknown}
Comestibles
 b - 3 rations


   Skills:
 - Level 2.0 Dodging
 - Level 2.6 Stealth
 - Level 2.0 Spellcasting
 + Level 3.4 Conjurations
 + Level 3.3 Fire Magic


You had 6 spell levels left.
You knew the following spells:

 Your Spells              Type           Power        Failure   Level  Hunger
a - Flame Tongue          Conj/Fire      ##...        4%          1    #......

Your spell library contained the following spells:

 Spells                   Type           Power        Failure   Level  Hunger
 Fireball                 Conj/Fire      ##........   77%         5    ######.
 Conjure Flame            Conj/Fire      ##......     14%         3    ###....
 Throw Flame              Conj/Fire      ##....       7%          2    ###....
 Sticky Flame             Conj/Fire      ##......     41%         4    #####..
 Inner Flame              Hex/Fire       #.......     28%         3    ###....


Dungeon Overview and Level Annotations

Branches:
Dungeon (4/15)
 Temple: D:4-7

Altars:
Ru
Xom

Annotations:
D:4 Robin


Innate Abilities, Weirdness & Mutations

You cannot wear most types of armour.
You are very stealthy in the water. (Stealth+)
You are amphibious.
You can wear up to eight rings at the same time.
You can use your tentacles to constrict eight enemies at once.
Your skin changes colour to match your surroundings (Stealth+).
Your rubbery body absorbs attacks. (AC +1, EV +1)


Message History

You hit the goblin. Your grab misses the goblin.
Your squeeze misses the goblin.
The goblin is heavily wounded.
Robin throws the goblin at you! The goblin hits you with a club.
The goblin hits you.
* * * LOW HITPOINT WARNING * * *
You hit the goblin.
You kill the goblin!
You have reached level 4!
An orc comes into view. It is wielding a morningstar.
Robin throws the goblin at you!
* * * LOW HITPOINT WARNING * * *
The goblin hits you with a club.
* * * LOW HITPOINT WARNING * * *
The goblin closely misses you.
The orc shouts!
You hit the goblin. You grab the goblin.
The goblin is heavily wounded.
You constrict the goblin. The goblin hits you with a club.
You die...

...........#
#.g..o......#
...........#
..........#
.#.......#
'.†.....#
#ggg....#
##g##.###
#@## #gg#
#..# #..#
#..# ##.# ###


You could see Robin, an orc, a hobgoblin and 4 goblins.

Vanquished Creatures
  2 adders (D:2)
  An ooze (D:1)
  A worm (D:2)
  A dart slug (D:2)
  3 bats
  5 goblins
  4 hobgoblins
  4 jackals (D:1)
  A frilled lizard (D:2)
  5 kobolds
  2 rats (D:2)
29 creatures vanquished.

Notes
Turn   | Place    | Note
-------+----------+-------------------------------------------
     0 | D:1      | inc the Octopode Fire Elementalist began the quest for the Orb.
     0 | D:1      | Reached XP level 1. HP: 11/11 MP: 3/3
   147 | D:1      | Reached XP level 2. HP: 17/17 MP: 3/5
   975 | D:2      | Found a sacrificial altar of Ru.
  1050 | D:2      | Reached XP level 3. HP: 8/21 MP: 0/6
  1304 | D:2      | Found a shimmering altar of Xom.
  2059 | D:4      | Noticed Robin
  2069 | D:4      | Reached XP level 4. HP: 7/27 MP: 1/7
  2069 | D:4      | HP: 1/27 [goblin/club[Robin] (4)]
  2070 | D:4      | Slain by a goblin

Vault maps used:
D:1:      dpeg_arrival_simpleton_c, minmay_misc_feat_five
D:2:      old_standard_altar, hangedman_ru_absence, amethyst_killhole,
          serial_bayou_crossing
D:3:      overflow_temple_1_default, lightli_temple_of_fire,
          nicolae_overflow_crystal_walls, uniq_sigmund
D:4:      overflow_temple_1_default, kennysheep_mini_moat,
          minmay_temple_entry_junction, ebering_ghost_sewer_f, first_ration,
          uniq_pikel, uniq_robin

Skill      XL: |  1  2 |
---------------+-------+-----
Conjurations   | 2 3 |  3.4
Dodging        | |  2.0
Stealth        | |  2.6
Spellcasting   | |  2.0
Fire Magic     | |  3.3

Action                   |  1- 3 |  4- 6 || total
-------------------------+-------+-------++-------
Melee: Short sword       |    19 |     1 ||    20
       Constrict         |     5 |     1 ||     6
       Tentacles         |     3 |       ||     3
 Cast: Flame Tongue      |    40 |       ||    40
 Stab: Sleeping          |     1 |       ||     1
  Eat: Chunk             |     4 |       ||     4
Armor: Skin              |     3 |       ||     3
Dodge: Dodged            |    18 |     1 ||    19

Table legend:
 A = Spawn XP
 B = Non-spawn XP
 C = Spawn XP percentage of total XP
 D = Spawn monster count
 E = Non-spawn monster count
 F = Spawn count percentage of total count
 G = Total turns spent on level
                    A         B        C        D         E        F      G
               +---------+---------+-------+---------+---------+-------+---------
         Total |       0 |      83 |   0.0 |       0 |      29 |   0.0 |  2070
               +---------+---------+-------+---------+---------+-------+---------
           D:1 |       0 |      21 |   0.0 |       0 |       8 |   0.0 |   870
           D:2 |       0 |      51 |   0.0 |       0 |      15 |   0.0 |  1160
           D:3 |       0 |       2 |   0.0 |       0 |       1 |   0.0 |    24
           D:4 |       0 |       9 |   0.0 |       0 |       5 |   0.0 |    16
               +---------+---------+-------+---------+---------+-------+---------
